 Dungeon Crawl Stone Soup version 0.29.1-15-g9cfb28693d (webtiles) character file.

Game seed: 13177137152203869205

447 Libra00 the Ruffian (level 6, -3/60 (62) HPs)
             Began as a Troll Fighter on June 5, 2023.
             Slain by a wight
             ... wielding a +2 long sword
              (13 damage)
             ... on level 4 of the Dungeon.
             The game lasted 00:06:06 (2264 turns).

Libra00 the Ruffian (Troll Fighter)                 Turns: 2264, Time: 00:06:06

HP:   -3/60 (62)    AC:  4    Str: 27    XL:     6   Next: 73%
MP:   5/5           EV:  8    Int:  4    God:
Gold: 245           SH:  7    Dex:  9    Spells: 5/5 levels left

rFire   . . .      SeeInvis .     - Unarmed
rCold   . . .      Faith    .   b - +0 kite shield
rNeg    . . .      Spirit   .   a - +0 robe
rPois   .          Reflect  .   (helmet restricted)
rElec   .          Harm     .   (no cloak)
rCorr   .          Rampage  .   (gloves unavailable)
Will    .....                   (boots unavailable)
Stlth   +.........              (no amulet)
HPRegen 1.00/turn               (no ring)
MPRegen 0.09/turn               (no ring)

@: lightly drained
A: large, unfitting armour, claws 3, regeneration 1, shaggy fur 1, tough skin 1
a: no special abilities


You were on level 4 of the Dungeon.
You visited 1 branch of the dungeon, and saw 4 of its levels.

You collected 245 gold pieces.

Inventory:

Armour
 a - a +0 robe (worn)
 b - a +0 kite shield (worn)
Wands
 q - a wand of light (10)
Scrolls
 d - 2 scrolls of enchant weapon {unknown}
 e - a scroll of torment {unknown}
 f - 3 scrolls of immolation {unknown}
 g - a scroll of magic mapping {unknown}
 j - a scroll of poison {unknown}
 k - a scroll of teleportation {unknown}
 m - 3 scrolls of identify {unknown}
 s - 2 scrolls of butterflies {unknown}
 u - a scroll of blinking {unknown}
Potions
 c - a potion of might
 h - 2 potions of brilliance {unknown}
 i - 3 potions of haste {unknown}
 l - a potion of heal wounds {unknown}
 n - a potion of mutation {unknown}
 o - a potion of ambrosia {unknown}
 p - a potion of attraction {unknown}
 r - a potion of invisibility {unknown}
 t - a potion of lignification {unknown}


   Skills:
 + Level 3.7 Fighting
 - Level 2.4 Dodging
 + Level 4.1 Shields
 * Level 5.3 Unarmed Combat


You had 5 spell levels left.
You didn't know any spells.
Your spell library contained the following spells:

 Spells                   Type           Power      Damage    Failure   Level
 Magic Dart               Conj           0%         1d3       78%         1
 Call Imp                 Summ           0%         N/A       89%         2
 Poisonous Vapours        Pois/Air       0%         N/A       89%         2
 Mephitic Cloud           Conj/Pois/Air  0%         N/A       98%         3
 Corpse Rot               Necr/Pois/Air  0%         N/A       100%        4


Dungeon Overview and Level Annotations

Branches:
Dungeon (4/15)
 Temple: D:4-7

Altars:
Ashenzari

Shops:
D:2 [


Innate Abilities, Weirdness & Mutations

You are too large for most types of armour.
You have claws for hands.
Your natural rate of healing is unusually fast.
You are covered in fur. (AC +1)
You have tough skin. (AC +1)


Message History

The hound is almost dead.
The hound bites you but does no damage.
You scratch the hound.
The hound is almost dead.
You block the hound's attack. x2
You claw the hound!
You kill the hound!
The adder bites you but does no damage.
You scratch the adder.
The adder is severely wounded.
You mangle the ball python!!
You kill the ball python!
The adder barely misses you.
A ball python comes into view.
The adder bites you.
You miss the adder.
The adder is severely wounded.
The ball python hisses angrily.
The adder bites you but does no damage.
You barely miss the adder.
The adder is severely wounded.
The wight closely misses you. The adder completely misses you.
You claw the adder!
You kill the adder!
You barely miss the wight.
The wight hits you with a +2 long sword!
The wight hits you with a +2 great sword!
You claw the wight!
You destroy the wight!
The wight hits you with a +2 long sword.
You completely miss the wight. You block the ball python's attack.
The wight hits you with a +2 long sword!
You feel drained. The ball python barely misses you.
The wight hits you with a +2 long sword!
* * * LOW HITPOINT WARNING * * *
The wight hits you with a +2 long sword!
* * * LOW HITPOINT WARNING * * *
The wight attacks as you move away!
The wight hits you with a +2 long sword!
You die...

###.#
##...##.#
##..$..#.##
....S.#..#
..zh #..#
zh.##..######
#.##.........
#.###..######
#.w)S@.......
#.##z...####.
#.###.#.# ...
#.#... ....
#.#.#...
......#.#
.....
##..w..#.# #
### ##...##..


You could see a wight, a dart slug and a ball python.

Vanquished Creatures
  2 wights (D:4)
  A hound (D:4)
  Natasha (thrice) (D:3)
  An iguana (D:4)
  Ijyb (D:3)
  6 adders
  7 gnolls
  A worm (D:3)
  2 dart slugs (D:1)
  10 endoplasms
  4 giant cockroaches
  4 goblins
  2 hobgoblins
  4 jackals (D:2)
  8 kobolds
  3 quokkas
  4 ball pythons
  6 bats
  6 frilled lizards
  7 rats
82 creatures vanquished.

Notes
Turn   | Place    | Note
-------+----------+-------------------------------------------
     0 | D:1      | Libra00 the Troll Fighter began the quest for the Orb.
     0 | D:1      | Reached XP level 1. HP: 22/22 MP: 0/0
   139 | D:1      | Reached XP level 2. HP: 29/29 MP: 1/1
   263 | D:1      | Found a faded altar of an unknown god.
   364 | D:1      | Reached XP level 3. HP: 35/36 MP: 2/2
   469 | D:1      | Reached skill level 3 in Unarmed Combat
   666 | D:2      | Found a broken altar of Ashenzari.
   731 | D:2      | Found Ynaudokk's Armour Boutique.
   782 | D:2      | Reached XP level 4. HP: 41/44 MP: 3/3
  1482 | D:3      | Reached skill level 4 in Unarmed Combat
  1483 | D:3      | Noticed Natasha
  1500 | D:3      | Killed Natasha
  1501 | D:3      | Reached XP level 5. HP: 35/53 MP: 4/4
  1618 | D:3      | Noticed Ijyb
  1630 | D:3      | Killed Ijyb
  1824 | D:3      | Noticed Natasha
  1832 | D:3      | Killed Natasha
  2053 | D:3      | Noticed Natasha
  2058 | D:3      | Killed Natasha
  2059 | D:3      | Reached XP level 6. HP: 60/61 MP: 5/5
  2246 | D:4      | Reached skill level 5 in Unarmed Combat
  2264 | D:4      | Slain by a wight

Illustrated notes

Levels and vault maps discovered:
D:1:      amcnicky_arrival_abandoned_market, layout_rooms,
          ebering_ecumenical_altar_ruins, minmay_nonomino_d4
D:2:      layout_loops_cross, basic_altar, serial_shops, nicolae_lakefront_shop
D:3:      layout_loops_ring, minmay_splitting_lines, uniq_natasha, uniq_ijyb
D:4:      minmay_octagon_keep, layout_basic, nicolae_overflows_in_rows,
          nemelex_diamond_rough_becter, serial_shops, nicolae_stop_n_shop_2,
          uniq_menkaure, uniq_edmund

Skill      XL: |  1  2  3  4  5  6 |
---------------+-------------------+-----
Shields        | 3 4 |  4.1
Unarmed Combat | 3 4 5 |  5.3
Fighting       | 3 |  3.7
Dodging        | |  2.4

Action                   |  1- 3 |  4- 6 || total
-------------------------+-------+-------++-------
Melee: Unarmed           |   102 |   117 ||   219
 Stab: Sleeping          |     2 |     1 ||     3
Armor: Robe              |    37 |    21 ||    58
Dodge: Dodged            |    33 |    39 ||    72
Block: Kite shield       |    43 |    39 ||    82
